 Dungeon Crawl Stone Soup version 0.27-a0-1532-gca18f49f40 (webtiles) character file.

Game seed: 10003576175591519956

186 Spaninq the Chopper (level 5, -1/45 (47) HPs)
             Began as a Hill Orc Delver on July 12, 2021.
             Slain by a gnoll (8 damage)
             ... on level 3 of the Dungeon.
             The game lasted 00:09:24 (3274 turns).

Spaninq the Chopper (Hill Orc Delver)               Turns: 3274, Time: 00:09:25

HP:   -1/45 (47)    AC:  3    Str: 16    XL:     5   Next: 65%
MP:   5/5           EV: 11    Int: 10    God:
Gold: 45            SH:  0    Dex: 12    Spells: 4/4 levels left

rFire    . . .     SeeInvis .   a - +0 hand axe
rCold    . . .     Faith    .   (no shield)
rNeg     . . .     Spirit   .   b - +0 leather armour
rPois    .         Reflect  .   (no helmet)
rElec    .         Harm     .   (no cloak)
rCorr    .         Rampage  .   (no gloves)
Will     .....                  (no boots)
Stlth    ++........             (no amulet)
HPRegen  0.15/turn              (no ring)
MPRegen  0.09/turn              (no ring)

@: lightly drained
A: no striking features
a: no special abilities


You were on level 3 of the Dungeon.
You visited 1 branch of the dungeon, and saw 5 of its levels.

You collected 45 gold pieces.

Inventory:

Hand Weapons
 a - a +0 hand axe (weapon)
Armour
 b - a +0 leather armour (worn)
Jewellery
 p - a ring of wizardry
Wands
 g - a wand of digging (3)
Scrolls
 c - a scroll of fog
 d - a scroll of magic mapping
 e - 2 scrolls of fear
 j - 2 scrolls of teleportation {unknown}
 k - 2 scrolls of identify {unknown}
 l - a scroll of enchant armour {unknown}
 n - a scroll of silence {unknown}
 q - a scroll of blinking {unknown}
Potions
 f - 2 potions of haste
 h - a potion of flight {unknown}
 m - a potion of attraction {unknown}
 o - 2 potions of resistance
 r - a potion of curing {unknown}


   Skills:
 + Level 4.7 Fighting
 * Level 5.6 Axes
 + Level 2.6 Armour
 - Level 1.5 Dodging
 - Level 4.1 Stealth


You had 4 spell levels left.
You didn't know any spells.
Your spell library was empty.

Dungeon Overview and Level Annotations

Branches:
Dungeon (5/15)
 Temple: D:4-7

Altars:
Yredelemnul

Annotations:
D:2 exclusion: black bear
D:5 Edmund


Message History

The gnoll misses you.
You hit the gnoll.
The gnoll is heavily wounded.
The gnoll barely misses you.
You hit the gnoll but do no damage.
The gnoll is heavily wounded.
The gnoll barely misses you.
You hit the gnoll.
The gnoll is severely wounded.
The gnoll hits you with a +0 flail of draining.
You feel drained.
You barely miss the gnoll.
The gnoll is severely wounded.
The gnoll misses you.
You slash the gnoll!
You kill the gnoll!
You slash the gnoll!
The gnoll is heavily wounded.
The gnoll hits you with a +0 club.
You barely miss the gnoll.
The gnoll is heavily wounded.
The gnoll misses you.
You hit the gnoll but do no damage.
The gnoll is heavily wounded.
The gnoll closely misses you.
You completely miss the gnoll.
The gnoll is heavily wounded.
The gnoll hits you with a +0 club.
You barely miss the gnoll.
The gnoll is heavily wounded.
The gnoll hits you with a +0 club!
* * * LOW HITPOINT WARNING * * *
You hit the gnoll.
The gnoll is heavily wounded.
The gnoll hits you with a +0 club.
* * * LOW HITPOINT WARNING * * *
You hit the gnoll.
The gnoll is severely wounded.
The gnoll hits you with a +0 club!
You die...

..# ######...#############'#..#.#
..# #.........................#.#
..# #.####...#############.##.#.#
..# #.####...# #....#.# ..#
#....##### ######## ..# ####.#
#≈.. ..# #.# ######≈≈.
.#######.################...##≈≈.
.......<....).)g@...........)'.≈.
#######...).#############<..##≈≈.
#...........# ######≈≈.
#...........# #≈.. #...........#
#### #...........# ##.###g.....#
#....g.....# #..........#


You could see a gnoll.

Vanquished Creatures
  A hound (D:3)
  A centaur skeleton (D:2)
  An iguana (D:2)
  2 gnolls (D:3)
  An adder (D:3)
  A dart slug (D:3)
  3 orcs (D:3)
  9 ball pythons
  2 endoplasms (D:1)
  13 goblins
  9 hobgoblins
  4 jackals (D:2)
  5 kobolds
  2 quokkas
  4 bats (D:1)
  2 frilled lizards
  2 rats (D:1)
62 creatures vanquished.

Notes
Turn   | Place    | Note
-------+----------+-------------------------------------------
     0 | D:5      | Spaninq the Hill Orc Delver began the quest for the Orb.
     0 | D:5      | Reached XP level 1. HP: 19/19 MP: 1/1
    38 | D:5      | Noticed Edmund
   283 | D:2      | Reached skill level 3 in Axes
   323 | D:1      | Reached XP level 2. HP: 11/27 MP: 2/2
   646 | D:1      | Reached skill level 1 in Armour
   921 | D:1      | Reached XP level 3. HP: 33/33 MP: 3/3
  1180 | D:1      | Reached skill level 4 in Axes
  1787 | D:2      | Noticed a black bear
  1857 | D:2      | Reached XP level 4. HP: 30/40 MP: 4/4
  1858 | D:2      | Found a basalt altar of Yredelemnul.
  2814 | D:3      | Noticed an ogre
  2863 | D:2      | Reached skill level 5 in Axes
  2863 | D:2      | Reached XP level 5. HP: 36/47 MP: 5/5
  3274 | D:3      | Slain by a gnoll

Illustrated notes

Levels and vault maps discovered:
D:1:      erik_arrival_orb_chamber, layout_basic
D:2:      layout_rooms, basic_altar, item_on_display_a
D:3:      layout_basic, minmay_goblin_outpost
D:4:      layout_gridville, minmay_temple_entry_junction, uniq_blork_the_orc
D:5:      layout_loops_ring, uniq_edmund, uniq_grinder, uniq_ijyb,
          uniq_menkaure, uniq_eustachio

Skill      XL: |  1  2  3  4 |
---------------+-------------+-----
Axes           | 3 4 5 |  5.6
Armour         | 1 2 |  2.6
Fighting       | 4 |  4.7
Dodging        | |  1.5
Stealth        | |  4.1

Action                   |  1- 3 |  4- 6 || total
-------------------------+-------+-------++-------
Melee: Whip              |   107 |     9 ||   116
       Hand axe          |     8 |    89 ||    97
 Stab: Sleeping          |     4 |       ||     4
       Distracted        |       |     1 ||     1
Armor: Leather armour    |    33 |    13 ||    46
Dodge: Dodged            |    76 |    53 ||   129

Table legend: (Time is in decaauts)
 A = Elapsed time spent in this place.
 B = Non-inter-level travel time spent in this place.
 C = Inter-level travel time spent in this place.
 D = Time resting spent in this place.
 E = Time spent auto-exploring this place.
 F = Levels seen in this place.
 G = Mean time per level.
                   A        B        C        D        E       F      G
               +--------+--------+--------+--------+--------+-----+--------+
         Total |   3281 |   3172 |    109 |    482 |   1588 |   5 |  656.2 |
       Dungeon |   3281 |   3172 |    109 |    482 |   1588 |   5 |  656.2 |
               +--------+--------+--------+--------+--------+-----+--------+

Top non-repeatable levels by time:
     D:2: 1264 daAuts
     D:1: 1102 daAuts
     D:3: 664 daAuts
     D:5: 186 daAuts
     D:4: 64 daAuts
